 Dungeon Crawl Stone Soup version 0.30-a0-154-gb106f4c828 (webtiles) character file.

Game seed: 3721114375320975173

90 Aibolit the Ducker (level 4, -2/31 HPs)
             Began as a Djinni Hedge Wizard on Sept 27, 2022.
             Slain by Ijyb
             ... wielding a +0 dagger
              (3 damage)
             ... on level 3 of the Dungeon.
             The game lasted 00:05:11 (3678 turns).

Aibolit the Ducker (Djinni Hedge Wizard)            Turns: 3678, Time: 00:05:12

Health: -2/31      AC:  7    Str:  7 (9)  XL:     4   Next: 85%
Gold:   135        EV: 10    Int: 15 (17) God:
                   SH:  0    Dex: 11 (13)

rFire   + + .      SeeInvis .    a - +0 dagger
rCold   . . .      Faith    .    (no shield)
rNeg    + . .      Spirit   .    l - +1 ring mail {rC+}
rPois   ∞          Reflect  .    c - +0 hat
rElec   .          Harm     .    h - +0 cloak
rCorr   .          Rampage  .    (no gloves)
Will    .....                    (boots unavailable)
Stlth   +.........               (no amulet)
HPRegen 0.10/turn                w - ring of poison resistance
MPRegen 0.00/turn                s - ring of positive energy

@: brilliant, flying
A: sickness immunity, fire resistance 2, cold vulnerability 1, float, innate
caster, HP casting, extra vitality 1
a: no special abilities


You were on level 3 of the Dungeon.
You visited 1 branch of the dungeon, and saw 3 of its levels.

You collected 135 gold pieces.

Inventory:

Hand Weapons
 a - a +0 dagger (weapon)
Armour
 b - a +0 robe
 c - a +0 hat (worn)
 h - a +0 cloak (worn)
 l - a +1 ring mail of cold resistance (worn)
Jewellery
 s - a ring of positive energy (right hand)
 w - a ring of poison resistance (left hand)
Scrolls
 d - a scroll of blinking
 i - 2 scrolls of magic mapping {unknown}
 j - 2 scrolls of teleportation {unknown}
 k - a scroll of immolation {unknown}
 n - a scroll of amnesia {unknown}
 o - a scroll of fear {unknown}
 p - a scroll of brand weapon {unknown}
 q - a scroll of enchant weapon {unknown}
 u - 2 scrolls of identify {unknown}
Potions
 e - a potion of flight
 f - 4 potions of attraction
 m - a potion of degeneration


   Skills:
 + Level 3.4 Dodging
 + Level 2.6 Stealth
 + Level 3.0 Spellcasting


You couldn't memorise any spells.
You knew the following spells:

 Your Spells              Type           Power      Damage    Failure   Level
a - Magic Dart            Conj           68%        1d6       21%         1
b - Slow                  Hex            68%        N/A       21%         1
c - Blink                 Tloc           34%        N/A       30%         2
d - Call Imp              Summ           17%        N/A       30%         2
e - Cigotuvi's Dreadful   Necr/Pois/Air  34%        N/A       30%         2
f - Mephitic Cloud        Conj/Pois/Air  17%        N/A       52%         3
g - Foxfire               Conj/Fire      68%        2x1d7     21%         1
Your spell library was empty.

Dungeon Overview and Level Annotations

Branches:
Dungeon (3/15)

Altars:

Annotations:
D:3 Ijyb


Innate Abilities, Weirdness & Mutations

You are immune to sickness and miasma.
You are immune to poison.
Your flesh is very heat resistant. (rF++)
You are vulnerable to cold. (rC-)
You float through the air rather than walking.
You learn spells naturally, not from books.
Your magical power is your life essence.
You have superior vitality. (+4 MHP)


Message History

Ijyb is severely wounded.
Ijyb hits you but does no damage.
You hit Ijyb.
Ijyb is severely wounded.
Ijyb misses you.
You hit Ijyb but do no damage.
Ijyb is severely wounded.
Ijyb completely misses you.
You hit Ijyb.
Ijyb is almost dead.
Ijyb hits you with a +0 dagger.
* * * LOW HITPOINT WARNING * * *
You barely miss Ijyb.
Ijyb is almost dead.
Ijyb hits you but does no damage.
You closely miss Ijyb.
Ijyb is almost dead.
Ijyb hits you with a +0 dagger.
* * * LOW HITPOINT WARNING * * *
You hit Ijyb but do no damage.
Ijyb is almost dead.
Ijyb hits you with a +0 dagger.
* * * LOW HITPOINT WARNING * * *
You barely miss Ijyb.
Ijyb is almost dead.
Ijyb barely misses you.
You hit Ijyb but do no damage.
Ijyb is almost dead.
Ijyb hits you but does no damage.
You closely miss Ijyb.
Ijyb is almost dead.
Ijyb barely misses you.
You hit Ijyb but do no damage.
Ijyb is almost dead.
Ijyb hits you with a +0 dagger.
* * * LOW HITPOINT WARNING * * *
You hit Ijyb but do no damage.
Ijyb is almost dead.
Ijyb hits you with a +0 dagger.
You die...

. #######.....######
..########...........###...
..........................
####...###.............#.#.
.................##+##.#.#.
########...#.......# #.#...
.........#.#.......# #(#...
.......#.#.#.......# #.#.#.
..?....#.#..@###'#.# #.#.#.
.......#.###g###.#.##
#.#.#. .......#.#
#.....#.##.##.#.#.
.......#.#
#####.#...........
.......#.# ##..###.##.....
########.# #..g......#....
#.# #..............
#.######.....###.#....
#....§.'..............


You could see Ijyb.

Vanquished Creatures
  4 adders (D:2)
  A worm (D:2)
  A dart slug (D:1)
  6 ball pythons
  6 endoplasms
  4 goblins
  7 hobgoblins
  5 kobolds
  3 quokkas
  7 bats
  A frilled lizard (D:2)
  2 rats
47 creatures vanquished.

Vanquished Creatures (others)
  A ball python (D:3)
  4 foxfires
5 creatures vanquished.

Grand Total: 52 creatures vanquished

Notes
Turn   | Place    | Note
-------+----------+-------------------------------------------
     0 | D:1      | Aibolit the Djinni Hedge Wizard began the quest for the
                  | Orb.
     0 | D:1      | Aibolit set off with the following spells memorised: Magic
                  | Dart, Slow, Blink, Call Imp, Cigotuvi's Dreadful Rot,
                  | Mephitic Cloud.
     0 | D:1      | Reached XP level 1. HP: 15/15 MP: 0/0
   368 | D:1      | Reached XP level 2. HP: 14/21 MP: 0/0
  1396 | D:1      | Reached XP level 3. HP: 16/25 MP: 0/0
  1396 | D:1      | Learned a level 1 spell: Foxfire
  1920 | D:2      | Found a faded altar of an unknown god.
  2348 | D:2      | Reached XP level 4. HP: 15/31 MP: 0/0
  3572 | D:3      | Noticed Ijyb
  3595 | D:3      | HP: 1/31 [ball python (1)]
  3677 | D:3      | HP: 1/31 [Ijyb/+0 dagger (2)]
  3678 | D:3      | Slain by Ijyb

Illustrated notes

Levels and vault maps discovered:
D:1:      dpeg_arrival_rooms_a, layout_basic, minmay_split_cup_large
D:2:      layout_basic, ebering_ecumenical_altar_petrified, st_stairs_14,
          kennysheep_path_1
D:3:      layout_basic, lemuel_tele_altar, minivault_11, uniq_ijyb

Skill      XL: |  1  2  3  4 |
---------------+-------------+-----
Stealth        | 2 |  2.6
Dodging        | 3 |  3.4
Spellcasting   | 3 |  3.0

Action                   |  1- 3 |  4- 6 || total
-------------------------+-------+-------++-------
Melee: Dagger            |    22 |    53 ||    75
 Cast: Magic Dart        |    91 |    64 ||   155
       Foxfire           |     1 |     1 ||     2
  Use: Potion            |       |     8 ||     8
       Scroll            |       |     1 ||     1
Armor: Robe              |     4 |       ||     4
       Ring mail         |    13 |    46 ||    59
Dodge: Dodged            |    28 |    52 ||    80

Table legend: (Time is in decaauts)
 A = Elapsed time spent in this place.
 B = Non-inter-level travel time spent in this place.
 C = Inter-level travel time spent in this place.
 D = Time resting spent in this place.
 E = Time spent auto-exploring this place.
 F = Levels seen in this place.
 G = Mean time per level.
                   A        B        C        D        E       F      G
               +--------+--------+--------+--------+--------+-----+--------+
         Total |   3676 |   3489 |    187 |    459 |   2623 |   3 | 1225.3 |
       Dungeon |   3676 |   3489 |    187 |    459 |   2623 |   3 | 1225.3 |
               +--------+--------+--------+--------+--------+-----+--------+

Top non-repeatable levels by time:
     D:1: 1738 daAuts
     D:2: 1633 daAuts
     D:3: 304 daAuts
